 Dungeon Crawl Stone Soup version 0.30-a0-629-gd54f4be4f7 (webtiles) character file.

Game seed: 17419844868082968040

4680 drugrobin the Martial Artist (level 10, -4/71 (81) HPs)
             Began as a Demigod Fighter on Jan 13, 2023.
             Slain by Joseph
             ... wielding a +3 quarterstaff of draining
              (5 damage)
             ... on level 8 of the Dungeon.
             The game lasted 00:22:06 (9084 turns).

drugrobin the Martial Artist (Demigod Fighter)      Turns: 9084, Time: 00:22:06

HP:   -4/71 (81)    AC:  8    Str: 33    XL:     10   Next: 1%
MP:   13/13         EV:  8    Int: 10    God:
Gold: 470           SH:  5    Dex: 21    Spells: 4/9 levels left

rFire   . . .      SeeInvis .      - Unarmed
rCold   . . .      Faith    .    f - +0 buckler
rNeg    . . .      Spirit   .    w - +0 chain mail
rPois   .          Reflect  .    (no helmet)
rElec   .          Harm     .    (no cloak)
rCorr   .          Rampage  .    (no gloves)
Will    +....                    (no boots) Stlth
                                 (no amulet)
HPRegen 0.31/turn                g - +6 ring of strength
MPRegen 0.13/turn                r - +6 ring of strength

@: mighty, heavily drained
A: high MP 1, forlorn, divine attributes
a: no special abilities


You were on level 8 of the Dungeon.
You visited 1 branch of the dungeon, and saw 8 of its levels.
You also visited: Sewer.

You collected 496 gold pieces.
You spent 26 gold pieces at shops.

Inventory:

Hand Weapons
 b - a +4 heavy sling
Missiles
 e - 110 stones (quivered)
 j - 10 poisoned darts
 A - 2 curare-tipped darts
Armour
 f - a +0 buckler (worn)
 w - a +0 chain mail (worn)
 y - a +3 leather armour of willpower
Magical Staves
 l - a staff of conjuration
Jewellery
 a - a ring of protection from cold
 g - a +6 ring of strength (left hand)
 r - a +6 ring of strength (right hand)
 K - a ring of willpower
Wands
 q - a wand of roots (16)
Scrolls
 i - 2 scrolls of acquirement {unknown}
 k - 4 scrolls of teleportation
 m - 2 scrolls of amnesia
 o - 2 scrolls of noise
 x - 2 scrolls of enchant armour {unknown}
 z - 3 scrolls of torment
 B - a scroll of identify
 C - 2 scrolls of vulnerability {unknown}
 D - 2 scrolls of fear {unknown}
 E - a scroll of fog {unknown}
 G - 2 scrolls of butterflies {unknown}
 J - 3 scrolls of immolation {unknown}
 L - a scroll of blinking
Potions
 c - 3 potions of might
 d - 5 potions of mutation
 h - a potion of invisibility
 n - 3 potions of haste
 p - 5 potions of heal wounds
 s - a potion of berserk rage {unknown}
 t - 2 potions of ambrosia {unknown}
 u - 2 potions of cancellation {unknown}
 v - 2 potions of attraction {unknown}
 H - a potion of brilliance {unknown}
 I - a potion of flight {unknown}


   Skills:
 - Level 5.0 Fighting
 - Level 2.6 Armour
 - Level 2.6 Shields
 * Level 11.5 Unarmed Combat
 + Level 6.3 Transmutations


You had 4 spell levels left.
You knew the following spells:

 Your Spells              Type           Power      Damage    Failure   Level
a - Blade Hands           Tmut           6%         N/A       99%         5

Your spell library contained the following spells:

 Spells                   Type           Power      Damage    Failure   Level
 Apportation              Tloc           0%         N/A       93%         1
 Freeze                   Ice            0%         1d3       93%         1
 Frozen Ramparts          Ice            0%         1d1       100%        3
 Alistair's Intoxication  Tmut/Pois      4%         N/A       100%        5
 Irradiate                Conj/Tmut      3%         3d12      100%        5
 Dragon Form              Tmut           6%         N/A       100%        7
 Malign Gateway           Summ/Tloc      0%         N/A       100%        7
 Dragon's Call            Summ           0%         N/A       100%        9


Dungeon Overview and Level Annotations

Branches:
Dungeon (8/15)             Temple (0/1) D:7           Sewer (visited)
   Lair: D:8-11

Shops:
D:6 *:*

Annotations:
D:8 exclusion: door, Joseph


Innate Abilities, Weirdness & Mutations

You have an increased reservoir of magic. (+10% MP)
You shall have no god before yourself.
Your divine heritage dramatically boosts your attributes as you level up.


Message History

Joseph wields a +3 quarterstaff of draining.
You sense an unholy aura.
Joseph hits you with a +3 quarterstaff of draining.
You feel drained.
Okay, then.
Press: ? - help, v - describe, . - travel
Here: Joseph, wielding a +3 quarterstaff of draining, wearing a +0 leather armour and carrying a wand of digging (6)
The floor.
Unknown command.
You feel very mighty all of a sudden.
Joseph says, "I'm here to kill trespassers.
I like my job."
Joseph closely misses you.
Unknown command.
Unknown command.
Okay, then.
Unknown command.
You pummel Joseph!!
Joseph is moderately wounded.
You punch Joseph!
Joseph is severely wounded.
Joseph shouts, "At last, some action!"
Joseph hits you with a +3 quarterstaff of draining!
You feel drained.
You hit Joseph.
Joseph is severely wounded.
Joseph hits you with a +3 quarterstaff of draining!!
* * * LOW HITPOINT WARNING * * *
You feel drained.
* * * LOW HITPOINT WARNING * * *
You completely miss Joseph.
Joseph is severely wounded.
Joseph hits you with a +3 quarterstaff of draining.
* * * LOW HITPOINT WARNING * * *
You feel drained.
You completely miss Joseph.
Joseph is severely wounded.
Joseph hits you with a +3 quarterstaff of draining!
* * * LOW HITPOINT WARNING * * *
You feel drained.
You die...

### ### ###
#########.#
#.########.#
#.........#
#..........#
##.######.#
#.########.# #.#
#.# #.# #.# #.#
#.######.########.#
#.#
#.@@.#..........#..
#.#
####.#.♣♣.......###
#.# #. ♣....)..'..
#.###
#..........###
#...#
#.#+#......###
####.#######>.
....##+#....
#............
.....+..+....
##.#.#######
#.....##.#....
#.#.#
#...#.##.#....


You could see Joseph.

Vanquished Creatures
  A two-headed ogre (D:6)
  An ugly thing (D:8)
  Grinder (Sewer)
  Prince Ribbit (D:8)
  A basilisk (D:8)
  2 steam dragons
  A water moccasin (D:6)
  An ice beast (D:7)
  2 sky beasts
  2 orc warriors
  3 phantoms
  4 kobold brigands
  4 bullfrogs
  Blork the orc (D:5)
  2 scorpions
  5 wights
  5 killer bees (D:8)
  4 hounds
  2 jellies
  7 orc priests
  3 iguanas
  3 orc wizards
  3 gnolls
  13 adders
  3 river rats (D:4)
  6 shadow imps (Sewer)
  2 white imps
  3 ufetubi
  5 worms
  4 dart slugs
  30 orcs
  8 bats
  9 endoplasms
  8 giant cockroaches
  A hobgoblin (D:4)
  7 jackals
  3 quokkas
  5 ball pythons
  2 frilled lizards
  8 goblins
  15 kobolds
  A kobold zombie (Sewer)
  4 rats
196 creatures vanquished.

Notes
Turn   | Place    | Note
-------+----------+-------------------------------------------
     0 | D:1      | drugrobin the Demigod Fighter began the quest for the Orb.
     0 | D:1      | Reached XP level 1. HP: 18/18 MP: 3/3
    62 | D:1      | Reached skill level 2 in Unarmed Combat
   190 | D:1      | Reached XP level 2. HP: 18/25 MP: 4/4
   371 | D:1      | Reached skill level 3 in Unarmed Combat
   738 | D:2      | Reached XP level 3. HP: 30/30 MP: 5/5
  1425 | D:3      | Reached skill level 4 in Unarmed Combat
  1429 | D:3      | Reached XP level 4. HP: 33/37 MP: 6/6
  1855 | D:3      | Reached skill level 5 in Unarmed Combat
  1855 | D:3      | Reached XP level 5. HP: 20/42 MP: 7/7
  2323 | D:4      | Found a glowing drain.
  2330 | Sewer    | Entered a sewer
  2697 | Sewer    | Reached XP level 6. HP: 40/51 MP: 8/8
  2744 | Sewer    | Reached skill level 6 in Unarmed Combat
  2753 | Sewer    | Noticed Grinder
  2834 | Sewer    | Paralysed by Grinder for 2 turns
  2871 | Sewer    | Killed Grinder
  2872 | Sewer    | Reached XP level 7. HP: 18/59 MP: 9/9
  3399 | D:4      | Got the Elucidation of Called Graupel
  3757 | D:5      | Entered Level 5 of the Dungeon
  3774 | D:5      | Reached skill level 7 in Unarmed Combat
  3846 | D:5      | Reached skill level 5 in Fighting
  3852 | D:5      | Learned a level 5 spell: Blade Hands
  3999 | D:5      | Reached skill level 1 in Transmutations
  4433 | D:5      | Noticed Blork the orc
  4438 | D:5      | Reached XP level 8. HP: 59/67 MP: 10/10
  4444 | D:5      | Killed Blork the orc
  4445 | D:5      | Reached skill level 8 in Unarmed Combat
  4789 | D:6      | Found Yneucevo's General Store.
  4794 | D:6      | Bought a scroll of identify for 26 gold pieces
  5159 | D:6      | Found Quqoicei's Assorted Antiques.
  5414 | D:6      | Reached skill level 9 in Unarmed Combat
  5639 | D:6      | Noticed a two-headed ogre
  5975 | D:6      | Found Oqesigen's Book Boutique.
  6148 | D:6      | Killed a two-headed ogre
  6149 | D:6      | Reached XP level 9. HP: 39/74 MP: 11/11
  6403 | D:7      | Reached skill level 10 in Unarmed Combat
  6827 | D:7      | Noticed a two-headed ogre
  7111 | D:7      | Reached skill level 5 in Transmutations
  7228 | D:7      | Found a staircase to the Ecumenical Temple.
  7426 | D:8      | Noticed a green ugly thing
  8031 | D:8      | Reached skill level 11 in Unarmed Combat
  8389 | D:8      | Killed a green ugly thing
  8861 | D:8      | Noticed Prince Ribbit
  8880 | D:8      | Killed Prince Ribbit
  8881 | D:8      | Reached XP level 10. HP: 52/81 MP: 13/13
  9077 | D:8      | Noticed Joseph
  9084 | D:8      | HP: 1/74 [Joseph/+3 quarterstaff of draining (17)]
  9084 | D:8      | Slain by Joseph

Illustrated notes

Levels and vault maps discovered:
D:1:      dpeg_arrival_lava_temple_mockup, layout_basic, minmay_pentomino_o2
D:2:      layout_rooms, shapermc_ecumenical_altar_mp_vishouse,
          mrwooster_statue_mirror
D:3:      layout_basic, mainiacjoe_overflow_concentric_impassable,
          chequers_serial_rivers_large_a, minmay_ruptured
D:4:      layout_cave_pools, lemuel_blue_sif_altar, lightli_sewer_entry_pipes
D:5:      layout_basic, marbit_many_paths, uniq_grinder, uniq_blork_the_orc
D:6:      layout_basic, mainiacjoe_overflow_alcove_4, serial_shops,
          nicolae_shop_hallway_stairs, shop, nicolae_stop_n_shop_2
D:7:      layout_cave_pools, lemuel_temple_firewalk_b, nrook_campfire,
          minmay_starry_boxes
D:8:      minmay_chambers_of_sixes, layout_basic, chequers_mini_garden,
          uniq_joseph, uniq_prince_ribbit1

Skill      XL: |  1  2  3  4  5  6  7  8  9 |
---------------+----------------------------+-----
Unarmed Combat | 2 3 4 5 6 7 9 11 | 11.5
Fighting       | 3 4 5 |  5.0
Transmutations | 1 4 6 |  6.3
Armour         | |  2.6
Shields        | |  2.6

Action                   |  1- 3 |  4- 6 |  7- 9 | 10-12 || total
-------------------------+-------+-------+-------+-------++-------
Melee: Unarmed           |   157 |   228 |   325 |     5 ||   715
 Fire: Sling             |    17 |     3 |    46 |       ||    66
Throw: Dart              |       |     1 |     8 |       ||     9
       Stone             |       |       |     2 |       ||     2
Evoke: Wand              |       |       |     5 |       ||     5
  Use: Potion            |       |     1 |     2 |     1 ||     4
       Scroll            |       |       |    11 |       ||    11
Armor: Scale mail        |    67 |       |       |       ||    67
       Chain mail        |     2 |    16 |   113 |       ||   131
       Leather armour    |       |    41 |       |       ||    41
Dodge: Dodged            |    69 |   116 |   105 |     1 ||   291
Block: Buckler           |    27 |    51 |    69 |       ||   147

Table legend: (Time is in decaauts)
 A = Elapsed time spent in this place.
 B = Non-inter-level travel time spent in this place.
 C = Inter-level travel time spent in this place.
 D = Time resting spent in this place.
 E = Time spent auto-exploring this place.
 F = Levels seen in this place.
 G = Mean time per level.
                   A        B        C        D        E       F      G
               +--------+--------+--------+--------+--------+-----+--------+
         Total |   9146 |   8837 |    309 |   1104 |   5637 |   9 | 1016.2 |
       Dungeon |   8266 |   7957 |    309 |    876 |   5304 |   8 | 1033.2 |
         Sewer |    879 |    879 |      0 |    228 |    333 |   1 |  879.0 |
               +--------+--------+--------+--------+--------+-----+--------+

Top non-repeatable levels by time:
     D:6: 1720 daAuts
     D:8: 1576 daAuts
     D:5: 1041 daAuts
     D:7: 1003 daAuts
   Sewer: 879 daAuts
     D:3: 876 daAuts
     D:1: 707 daAuts
     D:2: 672 daAuts
     D:4: 668 daAuts
